 Dungeon Crawl Stone Soup version 0.26-a0-613-g4f23886233 (webtiles) character file.

Game seed: 11608064613827067261

51 Descartes the Grasshopper (level 3, -1/32 HPs)
             Began as a Naga Warper on Sept 11, 2020.
             Slain by a goblin
             ... wielding a +0 dagger
             ... led by Robin
              (5 damage)
             ... on level 2 of the Dungeon.
             The game lasted 00:02:57 (2006 turns).

Descartes the Grasshopper (Naga Warper)             Turns: 2006, Time: 00:02:58

Health: -1/32      AC:  8    Str: 13    XL:     3   Next: 81%
Magic:  6/7        EV:  7    Int: 13    God:
Gold:   90         SH:  0    Dex: 11    Spells: 7/7 levels left

rFire    . . .     SeeInvis +   a - +0 falchion
rCold    . . .     Faith    .   (no shield)
rNeg     . . .     Spirit   .   b - +0 leather armour
rPois    +         Reflect  .   (no helmet)
rElec    .         Harm     .   (no cloak)
rCorr    .                      i - +0 pair of gloves (curse)
MR       .....                  s - +0 barding
Stlth    +.........             (no amulet)
HPRegen  0.10/turn              (no ring)
MPRegen  0.10/turn              (no ring)

@: very slow
A: large, see invisible, deformed body, poison resistance, slowness 2, spit
poison 1, AC +1
a: Spit Poison


You were on level 2 of the Dungeon.
You visited 1 branch of the dungeon, and saw 2 of its levels.

You collected 90 gold pieces.

Inventory:

Hand Weapons
 a - a +0 falchion (weapon)
 l - a +0 hunting sling
Missiles
 c - 69 stones
 e - 5 boomerangs of dispersal (quivered)
 k - 4 sling bullets
 m - 25 poisoned darts
 n - 12 bolts
 o - 23 arrows
Armour
 b - a +0 leather armour (worn)
 i - a cursed +0 pair of gloves (worn)
 s - a +0 barding (worn)
Scrolls
 d - a scroll of blinking
 g - a scroll of amnesia {unknown}
 h - 2 scrolls of fear {unknown}
 p - a scroll of enchant weapon {unknown}
 q - 2 scrolls of identify {unknown}
 r - a scroll of fog {unknown}
 t - a scroll of enchant armour {unknown}
Potions
 f - a potion of resistance {unknown}
 j - a potion of heal wounds {unknown}
 u - 2 potions of degeneration {unknown}


   Skills:
 - Level 2.0 Fighting
 + Level 2.8 Long Blades
 - Level 0.8 Throwing
 + Level 1.7 Armour
 - Level 1.5 Dodging
 + Level 2.6 Spellcasting
   Level 3.0 Translocations


You had 7 spell levels left.
You didn't know any spells.
Your spell library contained the following spells:

 Spells                   Type           Power        Failure   Level
 Blink                    Tloc           N/A          13%         2
 Gell's Gravitas          Tloc           #.........   26%         3
 Lesser Beckoning         Tloc           #.........   26%         3
 Teleport Other           Tloc           #.......     26%         3
 Passage of Golubria      Tloc           N/A          65%         4


Dungeon Overview and Level Annotations

Branches:
Dungeon (2/15)

Altars:

Annotations:
D:2 Robin


Innate Abilities, Weirdness & Mutations

You cannot wear boots.
Your serpentine skin is tough. (AC +1)
You have supernaturally acute eyesight. (SInv)
Armour fits poorly on your strangely shaped body.
Your system is resistant to poisons. (rPois)
You cover ground very slowly.
You can spit poison.


Message History

The goblin is severely wounded.
The hobgoblin closely misses you. The goblin barely misses you.
You riposte.
You barely miss the goblin.
The goblin hits you but does no damage. x3
The hobgoblin closely misses you.
You riposte.
You barely miss the hobgoblin. You hit the goblin but do no damage.
The goblin is severely wounded.
The goblin hits you but does no damage. The goblin barely misses you.
The goblin hits you but does no damage. The goblin hits you.
The hobgoblin hits you.
* * * LOW HITPOINT WARNING * * *
The goblin hits you.
* * * LOW HITPOINT WARNING * * *
The goblin hits you but does no damage.
You hit the goblin.
You kill the goblin!
The hobgoblin no longer looks unusually strong.
The goblin closely misses you.
The hobgoblin hits you but does no damage.
The goblin hits you with a +0 dagger.
You die... #........... #........... #........... . ........[.. . .............. . #... gSg....

. # .###...##ggg#.... ##
.......#g@gr..... ..
........#)######## .#
#.>......#.#### #
#........#....# #
#........)###.#
#.........###.# ##### ###
#...........#.# ##...## ##..
#.........#.#.###.....###...
#.........#.#.##.......#....


You could see Robin, an adder, 2 hobgoblins, 4 goblins and a rat.

Vanquished Creatures
  An adder (D:2)
  2 dart slugs (D:1)
  4 bats
  2 giant cockroaches
  9 goblins
  4 hobgoblins
  A quokka (D:2)
  7 frilled lizards
  4 kobolds
  4 rats
38 creatures vanquished.

Notes
Turn   | Place    | Note
-------+----------+-------------------------------------------
     0 | D:1      | Descartes the Naga Warper began the quest for the Orb.
     0 | D:1      | Reached XP level 1. HP: 19/19 MP: 3/3
   124 | D:1      | Reached skill level 1 in Armour
   253 | D:1      | Reached XP level 2. HP: 23/26 MP: 5/5
  1535 | D:2      | Reached XP level 3. HP: 25/32 MP: 6/6
  1994 | D:2      | Noticed Robin
  2006 | D:2      | Slain by a goblin

Illustrated notes

Levels and vault maps discovered:
D:1:      scummos_arrival_simple_crosswalls, layout_loops_corners,
          minmay_misc_feat_tiny, minmay_misc_feat_five
D:2:      kennysheep_six_static_rooms, layout_basic, uniq_robin, uniq_natasha

Skill      XL: |  1 |
---------------+----+-----
Armour         | 1 |  1.7
Fighting       | |  2.0
Long Blades    | |  2.8
Throwing       | |  0.8
Dodging        | |  1.5
Spellcasting   | |  2.6
Translocations | |  3.0

Action                   || total
-------------------------++-------
Melee: Falchion          ||   125
Armor: Leather armour    ||    74
Dodge: Dodged            ||    75
       Rpst.: Falchion   ||    22

Table legend: (Time is in decaauts)
 A = Elapsed time spent in this place.
 B = Non-inter-level travel time spent in this place.
 C = Inter-level travel time spent in this place.
 D = Time resting spent in this place.
 E = Time spent auto-exploring this place.
 F = Levels seen in this place.
 G = Mean time per level.
                   A        B        C        D        E       F      G
               +--------+--------+--------+--------+--------+-----+--------+
         Total |   2400 |   2327 |     73 |    100 |   1922 |   2 | 1200.0 |
       Dungeon |   2400 |   2327 |     73 |    100 |   1922 |   2 | 1200.0 |
               +--------+--------+--------+--------+--------+-----+--------+

Top non-repeatable levels by time:
     D:1: 1790 daAuts
     D:2: 609 daAuts
